 Dungeon Crawl Stone Soup version 0.19-a0-1675-gc11f27c (webtiles) character file.

659 Amciq the Skirmisher (level 7, -6/61 HPs)
             Began as a Hill Orc Fighter on Sept 23, 2016.
             Mangled by a hill giant
             ... wielding a +0 giant club
              (23 damage)
             ... on level 5 of the Dungeon.
             The game lasted 00:07:48 (3381 turns).

Amciq the Skirmisher (Hill Orc Fighter)             Turns: 3381, Time: 00:07:49

Health: -6/61      AC:  8    Str: 18 (21) XL:     7   Next: 55%
Magic:  7/7        EV: 13    Int: 11 (13) God:
Gold:   241        SH: 10    Dex: 14 (15) Spells: 0 memorised, 6 levels left

rFire  . . .     SeeInvis .     a - +0 war axe
rCold  . . .     Gourm    .     b - +0 scale mail
rNeg   . . .     Faith    .     c - +0 shield
rPois  .         Spirit   .     (no helmet)
rElec  .         Dismiss  .     (no cloak)
rCorr  .         Reflect  .     w - +0 pair of gloves
MR     .....     Harm     .     (no boots)
Stlth  +.........               (no amulet)
                                (no ring)
                                (no ring)

@: brilliant, agile
A: no striking features
a: no special abilities


You were on level 5 of the Dungeon.
You were hungry.

You visited 1 branch of the dungeon, and saw 5 of its levels.

You collected 241 gold pieces.

Inventory:

Hand Weapons
 a - a +0 war axe (weapon)
Armour
 b - a +0 scale mail (worn)
 c - a +0 shield (worn)
 w - a +0 pair of gloves (worn)
Scrolls
 e - 2 scrolls of teleportation {unknown}
 h - a scroll of enchant armour {unknown}
 q - 2 scrolls of identify {unknown}
 t - a scroll of enchant weapon {unknown}
 v - 3 scrolls of fog {unknown}
 y - a scroll of recharging {unknown}
 z - a scroll of blinking {unknown}
 A - a scroll of amnesia {unknown}
 B - a scroll of remove curse {unknown}
 C - a scroll of magic mapping {unknown}
Potions
 g - 2 potions of curing
 i - a potion of ambrosia
 m - a potion of degeneration
 o - a potion of mutation {unknown}
 p - a potion of invisibility {unknown}
 r - a potion of flight {unknown}
 s - a potion of haste {unknown}
 u - a potion of lignification {unknown}
Comestibles
 f - 4 bread rations
 j - a beef jerky
 l - 5 fruits
 x - a royal jelly
 D - a slice of pizza


   Skills:
 * Level 5.5 Fighting
 * Level 5.4 Axes
 * Level 5.4 Armour
 + Level 1.8 Dodging
 * Level 5.4 Shields


You had 6 spell levels left.
You didn't know any spells.

Dungeon Overview and Level Annotations

Branches:
Dungeon (5/15)
 Temple: D:4-7

Altars:
Fedhas


Message History

The hill giant closely misses you.
You hit the hill giant.
The hill giant is heavily wounded.
The hill giant hits you with a giant club!!!
Ouch! That really hurt!
* * * LOW HITPOINT WARNING * * *
You barely miss the hill giant.
The hill giant is heavily wounded.
The hill giant hits you with a giant club.
* * * LOW HITPOINT WARNING * * *
You hit the hill giant.
The hill giant is heavily wounded.
The hill giant barely misses you.
You hit the hill giant.
The hill giant is heavily wounded.
The hill giant closely misses you.
You hit the hill giant but do no damage.
The hill giant is heavily wounded.
The hill giant hits you with a giant club!!
You die...

.# #.#
#.#.##.#######
## #.#
#.#...........
####.##
#.####.#######
......#
#......#
####..#
##.##### #
#..# #.# ##
#..# #.# .#
#..# #.# .#
#..# #@# .#
#..# #C# ###
..# .#. ..# .#
.# #. #.##..#
.. .. ......#
.. .. #.##.
... .8. ...# #
... ..8 ##.#


You could see a hill giant.

Vanquished Creatures
  The ghost of plsesad the Grave Robber, an amateur DDNe of Makhleb (D:4)
  An ogre (D:5)
  A hound (D:4)
  An orc priest (D:3)
  2 orc wizards (D:4)
  3 worker ants (D:4)
  A howler monkey skeleton (D:4)
  4 adders
  4 gnolls
  4 worms
  4 dart slugs
  5 leopard geckos
  9 orcs
  2 ball pythons
  2 giant cockroaches
  4 goblins
  8 hobgoblins
  6 jackals (D:3)
  2 quokkas (D:4)
  5 bats
  3 frilled lizards
  8 kobolds
  A leopard gecko skeleton (D:4)
  5 rats
86 creatures vanquished.

Notes
Turn   | Place    | Note
-------+----------+-------------------------------------------
     0 | D:1      | Amciq the Hill Orc Fighter began the quest for the Orb.
     0 | D:1      | Reached XP level 1. HP: 19/19 MP: 1/1
   204 | D:1      | Reached XP level 2. HP: 25/27 MP: 2/2
   589 | D:1      | Reached XP level 3. HP: 30/33 MP: 3/3
   867 | D:2      | Reached XP level 4. HP: 40/40 MP: 4/4
  1465 | D:3      | Reached skill level 1 in Dodging
  1693 | D:3      | Reached XP level 5. HP: 45/47 MP: 5/5
  2039 | D:4      | Noticed plsesad's ghost (amateur DDNe)
  2062 | D:4      | HP: 1/47 [plsesad's ghost (8)]
  2068 | D:4      | Killed plsesad's ghost
  2068 | D:4      | Reached skill level 5 in Fighting
  2068 | D:4      | Reached XP level 6. HP: 16/56 MP: 6/6
  2184 | D:4      | Reached skill level 5 in Armour
  2184 | D:4      | Reached skill level 5 in Shields
  2193 | D:4      | Reached XP level 7. HP: 25/61 MP: 7/7
  2671 | D:4      | Reached skill level 5 in Axes
  3030 | D:4      | Found a blossoming altar of Fedhas.
  3071 | D:5      | Entered Level 5 of the Dungeon
  3367 | D:5      | Noticed a hill giant
  3381 | D:5      | Mangled by a hill giant

Vault maps used:
D:1:      minmay_arrival_widening_spiral_wide
D:2:      first_bread
D:3:      grunt_decor_cap
D:4:      fedhas_altar_4
D:5:      wad_pebble_path, okawaru_altar_gauntlet_db

Skill      XL: |  1  2  3  4  5  6  7 |
---------------+----------------------+-----
Fighting       | 4 5 |  5.5
Axes           | 3 4 5 |  5.4
Shields        | 4 5 |  5.4
Armour         | 4 5 |  5.4
Dodging        | 1 |  1.8

Action                   |  1- 3 |  4- 6 |  7- 9 || total
-------------------------+-------+-------+-------++-------
Melee: War axe           |    73 |   157 |    97 ||   327
  Use: Potion            |       |     5 |     5 ||    10
  Eat: Chunk             |       |     4 |     3 ||     7
       Fruit             |       |       |     1 ||     1
Armor: Scale mail        |    31 |    91 |    34 ||   156
Dodge: Dodged            |    20 |    55 |    22 ||    97
Block: Shield            |    43 |    76 |    38 ||   157
